 Dungeon Crawl Stone Soup version 0.22-a0-848-ge9e22a0 (webtiles) character file.

1275 Supahsalami the Cudgeler (level 8, 0/48 HPs)
             Began as a Gargoyle Venom Mage on July 27, 2018.
             Was a Follower of Okawaru.
             Slain by an ogre
             ... wielding a +0 giant club
              (7 damage)
             ... on level 6 of the Dungeon.
             The game lasted 00:18:26 (7841 turns).

Supahsalami the Cudgeler (Gargoyle Venom Mage)      Turns: 7841, Time: 00:18:27

Health: 0/48       AC: 15    Str: 14    XL:     8   Next: 53%
Magic:  11/11      EV:  9    Int: 16    God:    Okawaru [*.....]
Gold:   278        SH:  4    Dex: 10    Spells: 7/11 levels left

rFire    . . .     SeeInvis .   y - +6 mace "Butuutsou" {flame, +Rage rElec rN+}
rCold    . . .     Gourm    .   j - +0 buckler
rNeg     + + .     Faith    .   q - +0 scale mail
rPois    ∞         Spirit   .   (no helmet)
rElec    +         Reflect  .   (no cloak)
rCorr    .         Harm     .   u - +0 pair of gloves (curse)
MR       .....                  r - +0 pair of boots
Stlth    ..........             (no amulet)
HPRegen  0.16/turn              (no ring)
MPRegen  0.12/turn              (no ring)

@: no status effects
A: negative energy resistance 1, electricity resistance, unbreathing,
petrification resistance, rot immunity, AC +5
a: Heroism, Renounce Religion, Evoke Berserk Rage


You were on level 6 of the Dungeon.
You worshipped Okawaru.
Okawaru was aware of your devotion.
You were not hungry.

You visited 2 branches of the dungeon, and saw 7 of its levels.

You collected 278 gold pieces.

Inventory:

Hand Weapons
 y - the +6 mace "Butuutsou" (weapon) {flame, +Rage rElec rN+}
   (You found it on level 5 of the Dungeon)

   It has been specially enchanted to burn those struck by it, causing extra
   injury to most foes and up to half again as much damage against particularly
   susceptible opponents.
   It insulates you from electricity.
   It protects you from negative energy.
   It lets you go berserk.
Missiles
 d - 186 stones
 m - 3 tomahawks (quivered)
Armour
 e - a +0 shield
 j - a +0 buckler (worn)
 l - a +0 plate armour
 q - a +0 scale mail (worn)
 r - a +0 pair of boots (worn)
 u - a cursed +0 pair of gloves (worn)
Jewellery
 z - a cursed amulet of inaccuracy {unknown}
Wands
 b - a wand of random effects (16)
Scrolls
 g - 3 scrolls of remove curse {unknown}
 i - 3 scrolls of fog
 o - 5 scrolls of teleportation
 p - a scroll of magic mapping {unknown}
 w - a scroll of silence {unknown}
 x - a scroll of immolation {unknown}
Potions
 a - a potion of cancellation {unknown}
 f - a potion of might
 h - a potion of berserk rage {unknown}
 k - a potion of magic
 n - 2 potions of heal wounds
 s - a potion of ambrosia {unknown}
 t - a potion of haste {unknown}
 v - a potion of agility
Comestibles
 c - 11 rations


   Skills:
 + Level 4.6 Fighting
 * Level 6.2 Maces & Flails
 + Level 4.5 Armour
 - Level 1.5 Dodging
 - Level 2.1 Stealth
 - Level 4.0 Shields
 - Level 2.2 Spellcasting
 - Level 1.9 Conjurations
 - Level 3.2 Poison Magic


You had 7 spell levels left.
You knew the following spells:

 Your Spells              Type           Power        Failure   Level  Hunger
a - Sting                 Conj/Pois      ##..         28%         1    #......
b - Mephitic Cloud        Conj/Pois/Air  #.......     75%         3    ###....

Your spell library contained the following spells:

 Spells                   Type           Power        Failure   Level  Hunger
 Venom Bolt               Conj/Pois      ##........   100%        5    ######.
 Olgreb's Toxic Radiance  Pois           ##......     91%         4    #####..
 Poisonous Vapours        Pois/Air       #.....       52%         2    ###....


Dungeon Overview and Level Annotations

Branches:
Dungeon (6/15)             Temple (1/1) D:5

Altars:
Cheibriados
Dithmenos
Elyvilon
Gozag
Hepliaklqana
Kikubaaqudgha
Nemelex Xobeh
Okawaru
Qazlal
Trog
Vehumet
Wu Jian
Xom
Yredelemnul
Zin
The Shining One

Annotations:
D:5 3 runed doors, exclusions: 3 doors and ice beast, melvinkitnick's ghost, novice HOFi


Innate Abilities, Weirdness & Mutations

You are resistant to torment.
Your stone body is resilient. (AC +5)
You are immune to poison.
You resist negative energy. (rN+)
You are resistant to electric shocks. (rElec)
You can survive without breathing.
You are immune to petrification.
You are immune to rotting.


Message History

You are too injured to fight recklessly!
You are too injured to fight recklessly!
You are too injured to fight recklessly!
You are too injured to fight recklessly!
You are too injured to fight recklessly!
You hit the ogre. You burn the ogre.
The ogre is lightly wounded.
The gnoll hits you but does no damage.
You hit the ogre. You burn the ogre.
The ogre is moderately wounded.
You block the ogre's attack. You block the gnoll's attack.
You hit the ogre. You burn the ogre.
The ogre is moderately wounded.
The ogre hits you with a giant club!
* * * LOW HITPOINT WARNING * * *
You block the gnoll's attack.
You sock the ogre! You burn the ogre.
The ogre is severely wounded.
The ogre hits you with a giant club!
You die...

#§♣.♣..P♣P..♣.P.♣
.# #§♣.......♣P..P
# #§§§♣♣.♣..PPP♣
#§§P♣♣..♣♣.P♣
#..P♣♣♣÷..♣.♣
#.#§♣P..♣.P.♣
#..♣.....♣†♣.....#
#..♣♣♣#.♣♣.♣♣♣...#
#....#@#.......♣♣.
#..♣##O##.P♣♣♣♣§.P#
#.♣♣ .g.#.♣...§...#
#.♣♣##.##♣..♣♣.♣♣
#.♣♣P#+#♣†♣♣.♣§
#.♣.P.#♣.♣♣..§≈
#..P.♣P.P....♣P.P
##.....#..#...P.##
#.♣♣..#♣## #..♣#


You could see an ogre and a gnoll.

Vanquished Creatures
  Sigmund (D:5)
  Menkaure (D:5)
  A sky beast (D:5)
  An ice beast (D:5)
  A phantom (D:5)
  2 ogres (D:5)
  A scorpion (D:4)
  2 howler monkeys
  A centaur zombie (D:5)
  A bullfrog zombie (D:4)
  A centaur skeleton (D:4)
  2 hounds
  4 worker ants
  6 adders
  4 river rats (D:6)
  A shadow imp (D:2)
  2 oozes
  An adder skeleton (D:5)
  2 worms
  3 leopard geckos
  7 orcs
  9 bats
  3 giant cockroaches
  3 goblins
  7 hobgoblins
  2 quokkas
  A ball python (D:1)
  3 frilled lizards (D:2)
  3 kobolds
  7 rats
83 creatures vanquished.

Notes
Turn   | Place    | Note
-------+----------+-------------------------------------------
     0 | D:1      | Supahsalami the Gargoyle Venom Mage began the quest for the Orb.
     0 | D:1      | Reached XP level 1. HP: 10/10 MP: 3/3
   462 | D:1      | Reached XP level 2. HP: 16/16 MP: 5/5
  1286 | D:2      | Reached skill level 1 in Maces & Flails
  1286 | D:2      | Reached XP level 3. HP: 2/20 MP: 6/6
  1598 | D:2      | Found a shimmering altar of Xom.
  1761 | D:2      | Reached skill level 1 in Fighting
  1761 | D:2      | Reached skill level 1 in Armour
  2731 | D:3      | Learned a level 3 spell: Mephitic Cloud
  3254 | D:3      | Found a bloodstained altar of Trog.
  3301 | D:3      | Reached skill level 2 in Maces & Flails
  3301 | D:3      | Reached XP level 4. HP: 4/25 MP: 5/7
  3698 | D:3      | Reached skill level 1 in Shields
  3698 | D:3      | Reached XP level 5. HP: 11/30 MP: 8/8
  4347 | D:4      | Reached skill level 3 in Maces & Flails
  4395 | D:4      | Reached XP level 6. HP: 10/36 MP: 9/9
  4901 | D:4      | Found a glowing golden altar of the Shining One.
  5242 | D:5      | Entered Level 5 of the Dungeon
  5564 | D:5      | Noticed an ice beast
  5605 | D:5      | Reached skill level 4 in Maces & Flails
  5628 | D:5      | Reached XP level 7. HP: 41/41 MP: 10/10
  5969 | D:5      | Found a basalt altar of Yredelemnul.
  5971 | D:5      | Found a hazy altar of Hepliaklqana.
  5972 | D:5      | Found a glowing silver altar of Zin.
  6033 | D:5      | Noticed Sigmund
  6060 | D:5      | Killed Sigmund
  6332 | D:5      | Got an iridescent mace
  6333 | D:5      | Identified the +6 mace "Butuutsou" {flame, +Rage rElec rN+} (You found it on level 5 of the Dungeon)
  6372 | D:5      | Found a staircase to the Ecumenical Temple.
  6382 | Temple   | Entered the Ecumenical Temple
  6577 | Temple   | Became a worshipper of Warmaster Okawaru
  6616 | D:5      | Reached skill level 5 in Maces & Flails
  6616 | D:5      | Reached XP level 8. HP: 26/48 MP: 11/11
  6767 | D:5      | Found an ancient bone altar of Kikubaaqudgha.
  7113 | D:5      | Found a runed gate.
  7113 | D:5      | Found a runed gate.
  7113 | D:5      | Found a runed gate.
  7140 | D:5      | Noticed melvinkitnick's ghost (novice HOFi)
  7287 | D:5      | Noticed Menkaure
  7296 | D:5      | Killed Menkaure
  7296 | D:5      | Reached skill level 6 in Maces & Flails
  7601 | D:6      | Reached * piety under Okawaru
  7841 | D:6      | Slain by an ogre

Vault maps used:
D:1:      dpeg_arrival_shelter
D:2:      xom_teletrap_fun
D:3:      lemuel_crystal_altar, portal_sewer_entry_e, serial_park_tiny_pond,
          kennysheep_generic_room_15
D:4:      old_standard_altar
D:5:      minitemple, kiku_gazebo_pond_becter, minmay_temple_entry_glassed_door,
          gammafunk_ghost_icy, first_ration, uniq_sigmund, uniq_menkaure
D:6:      wad_woods_tower, dk_noncrumbling_4, minmay_misc_feat_alley,
          kennysheep_generic_room_8
Temple:   compressed_dpeg_triangle_lava_temple

Skill      XL: |  1  2  3  4  5  6  7  8 |
---------------+-------------------------+-----
Maces & Flails | 1 2 3 4 5 6 |  6.2
Fighting       | 1 2 3 4 |  4.6
Armour         | 1 2 3 4 |  4.5
Shields        | 1 2 3 4 |  4.0
Dodging        | |  1.5
Stealth        | |  2.1
Spellcasting   | |  2.2
Conjurations   | |  1.9
Poison Magic   | |  3.2

Action                   |  1- 3 |  4- 6 |  7- 9 || total
-------------------------+-------+-------+-------++-------
Melee: Unarmed           |    79 |       |       ||    79
       Club              |    69 |       |       ||    69
       Dagger            |    25 |       |       ||    25
       Mace              |    18 |   182 |   149 ||   349
Throw: Stone             |     1 |       |       ||     1
 Cast: Sting             |    54 |     2 |     3 ||    59
  Use: Scroll            |       |     5 |     1 ||     6
 Stab: Sleeping          |     3 |     1 |       ||     4
  Eat: Chunk             |     5 |     3 |     2 ||    10
       Ration            |     1 |     2 |     1 ||     4
Armor: Robe              |    49 |       |       ||    49
       Ring mail         |    75 |    82 |    28 ||   185
       Scale mail        |       |       |    47 ||    47
Dodge: Dodged            |   172 |    83 |    33 ||   288
Block: Buckler           |     2 |    25 |    22 ||    49

Table legend:
 A = Spawn XP
 B = Non-spawn XP
 C = Spawn XP percentage of total XP
 D = Spawn monster count
 E = Non-spawn monster count
 F = Spawn count percentage of total count
 G = Total turns spent on level
                    A         B        C        D         E        F      G
               +---------+---------+-------+---------+---------+-------+---------
         Total |       0 |    1822 |   0.0 |       0 |      83 |   0.0 |  7841
               +---------+---------+-------+---------+---------+-------+---------
           D:1 |       0 |      24 |   0.0 |       0 |      17 |   0.0 |  1353
           D:2 |       0 |      44 |   0.0 |       0 |      14 |   0.0 |  1354
           D:3 |       0 |     118 |   0.0 |       0 |      17 |   0.0 |  1242
           D:4 |       0 |     289 |   0.0 |       0 |       9 |   0.0 |  1293
           D:5 |       0 |    1239 |   0.0 |       0 |      19 |   0.0 |  2019
           D:6 |       0 |     108 |   0.0 |       0 |       7 |   0.0 |   369
               +---------+---------+-------+---------+---------+-------+---------
